 Dungeon Crawl Stone Soup version 0.17.0-23-g0de4337 (console) character file.

86 gw the Shooter (level 4, -1/30 HPs)
             Began as a High Elf Hunter on Nov 14, 2015.
             Killed from afar by an orc wizard (6 damage)
             ... with a magic dart
             ... on level 3 of the Dungeon.
             The game lasted 00:02:39 (2522 turns).

gw the Shooter (High Elf Hunter)                    Turns: 2522, Time: 00:02:39

Health: -1/30      AC:  6    Str: 11    XL:     4   Next: 27%
Magic:  5/5        EV: 12    Int: 14    God:
Gold:   173        SH:  0    Dex: 17    Spells: 0 memorised, 3 levels left

rFire  + . .     SeeInvis .     c - +2 short sword
rCold  . . .     Clarity  .     g - +0 ring mail
rNeg   . . .     SustAt   .     (no shield)
rPois  .         Gourm    .     h - +0 helmet
rElec  .         Spirit   .     (no cloak)
rCorr  .         Warding  .     (no gloves)
rMut   .         Rnd*Tele +     (no boots)
MR     .....                    (no amulet)
Stlth  +.........               (no ring)
                                (no ring)

@: not resistant to hostile enchantments, very unstealthy
A: blurry vision 1, fire resistance 1, teleportitis 1
a: no special abilities


You were on level 3 of the Dungeon.
You were not hungry.

You visited 1 branch of the dungeon, and saw 3 of its levels.

You collected 173 gold pieces.

Inventory:

Hand Weapons
 a - a +2 shortbow
 c - a +2 short sword (weapon)
Missiles
 b - 12 arrows
Armour
 g - a +0 ring mail (worn)
 h - a +0 helmet (worn)
Scrolls
 d - a scroll of identify
Comestibles
 e - 4 bread rations


   Skills:
 + Level 2.7 Fighting
 * Level 6.7 Bows
 + Level 3.1 Dodging
 - Level 1.1 Stealth


You had 3 spell levels left.
You didn't know any spells.

Dungeon Overview and Level Annotations

Branches:
Dungeon (3/15)

Altars:
Fedhas
Gozag


Innate Abilities, Weirdness & Mutations

Scrolls take you a little longer to read.
Your flesh is heat resistant.
You are occasionally teleported to nearby monsters.


Message History

The orc hits the withered plant but does no damage. x2
The orc hits the withered plant with a flail.
ATTACK MOVE TO (-1,-1)
You barely miss the orc wizard.
The orc wizard is severely wounded.
The orc wizard hits you but does no damage.
The orc hits the withered plant but does no damage.
The orc wizard hits you but does no damage.
The orc completely misses you.
The orc hits the withered plant but does no damage.
The orc wizard hits you but does no damage.
ATTACK MOVE TO (-1,-1)
You barely miss the orc wizard.
The orc wizard is severely wounded.
The orc wizard completely misses you. The orc wizard barely misses you.
The orc hits the withered plant but does no damage.
The orc closely misses you.
The orc wizard points at you and mumbles some strange words.
The magic dart hits you!
You die...

.### ...#.
### .....
..# .###
#.# # .#
#.# ...
#o###.....


#.eoooPP.. #(o##oo... #..# .P# #..# # # ...# # .#.## # ##.# #.. You could see 2
orc wizards and 5 orcs.

Table legend:
 A = Turns spent in this place as a percentage of turns spent in the entire game.
 B = Non-inter-level travel turns spent in this place as a percentage of non-inter-level travel turns spent in the entire game.
 C = Inter-level travel turns spent in this place as a percentage of turns spent in this place.
 D = Turns resting spent in this place as a percentage of non-inter-level travel turns spent in this place.
 E = Turns spent auto-exploring this place as a percentage of non-inter-level travel turns spent in this place.
 F = Non-inter-level travel turns spent in this place divided by the number of levels of this place that you've seen.
                   A       B       C       D       E      F
               +-------+-------+-------+-------+-------+----------------------
         Total | 100.0 | 100.0 |   0.4 |   0.7 |   2.4 | 1310.0
       Dungeon | 100.0 | 100.0 |   0.4 |   0.7 |   2.4 | 1310.0
               +-------+-------+-------+-------+-------+----------------------

Table legend:
 A = Kills in this place as a percentage of kills in entire the game.
 B = Kills by you in this place as a percentage of kills by you in the entire game.
 C = Kills by friends in this place as a percentage of kills by friends in the entire game.
 D = Other kills in this place as a percentage of other kills in the entire game.
 E = Experience gained in this place as a percentage of experience gained in the entire game.
 F = Experience gained in this place divided by the number of levels of this place that you have seen.
                   A       B       C       D       E      F
               +-------+-------+-------+-------+-------+----------------------
         Total | 100.0 | 100.0 |  -nan |  -nan | 100.0 |  41.3
       Dungeon | 100.0 | 100.0 |  -nan |  -nan | 100.0 |  41.3
               +-------+-------+-------+-------+-------+----------------------

Vanquished Creatures
  2 adders (D:2)
  An ooze (D:2)
  4 worms (D:2)
  3 orcs (D:3)
  A ball python (D:3)
  5 giant cockroaches
  7 goblins
  6 hobgoblins
  4 kobolds
  3 bats
  A giant gecko (D:1)
  5 giant newts
  10 rats
52 creatures vanquished.

Notes
Turn   | Place    | Note
--------------------------------------------------------------
     0 | D:1      | gw the High Elf Hunter began the quest for the Orb.
     0 | D:1      | Reached XP level 1. HP: 14/14 MP: 2/2
   243 | D:1      | Reached XP level 2. HP: 16/19 MP: 3/3
   883 | D:1      | Gained mutation: You are occasionally teleported to nearby monsters. [potion of mutation]
   883 | D:1      | Gained mutation: Your flesh is heat resistant. [potion of mutation]
   883 | D:1      | Gained mutation: Scrolls take you a little longer to read. [potion of mutation]
   925 | D:2      | Found an opulent altar of Gozag.
   925 | D:2      | Found a blossoming altar of Fedhas.
   940 | D:2      | Reached skill level 6 in Bows
   940 | D:2      | Reached XP level 3. HP: 21/25 MP: 4/4
  2157 | D:3      | Reached XP level 4. HP: 30/30 MP: 5/5
  2522 | D:3      | Killed from afar by an orc wizard

Action                   |  1- 3 |  4- 6 || total
-------------------------+-------+-------++-------
Melee: Short sword       |    69 |    41 ||   110
 Fire: Shortbow          |    52 |    12 ||    64
  Use: Scroll            |     7 |       ||     7
       Potion            |     4 |       ||     4
 Stab: Sleeping          |     3 |       ||     3
  Eat: Chunk             |     3 |     2 ||     5

Vault maps used:
D:1:      shiori_arrival_maze, minmay_quantized
D:2:      grunt_temple_overflow_open
D:3:      kiku_gazebo_garden_becter, uniq_terence
